 Dungeon Crawl Stone Soup version bcrawl-1.19.2-6-g6a88ae04c9 (webtiles) character file.

Game seed: 2247038077093119356

206 Mrkan the Chopper (level 5, -1/47 HPs)
             Began as a Minotaur Fighter on Dec 31, 2019.
             Slain by an orc priest
             ... wielding a +0 short sword
              (2 damage)
             ... on level 4 of the Dungeon.
             The game lasted 00:02:36 (2409 turns).

Mrkan the Chopper (Minotaur Fighter)                Turns: 2409, Time: 00:02:37

Health: -1/47      AC:  7    Str: 21    XL:     5   Next: 53%
Magic:  4/4        EV:  7    Int:  5    God:
Gold:   246        SH:  9    Dex: 10    Spells: 4/4 levels left

rFire    . . .     SeeInvis .   a - +0 war axe
rCold    . . .     Gourm    .   c - +0 shield
rNeg     . . .     Faith    .   b - +0 scale mail
rPois    .         Spirit   .   (helmet restricted)
rElec    .         Reflect  .   (no cloak)
rCorr    .         Harm     .   (no gloves)
MR       .....                  (no boots)
Stlth    ..........             (no amulet)
HPRegen  0.15/turn              (no ring)
MPRegen  0.09/turn              (no ring)

@: lightly drained
A: retaliatory headbutt, horns 2
a: no special abilities


You were on level 4 of the Dungeon.
You were not hungry.

You visited 1 branch of the dungeon, and saw 4 of its levels.

You collected 246 gold pieces.

Inventory:

Hand Weapons
 a - a +0 war axe (weapon)
Armour
 b - a +0 scale mail (worn)
 c - a +0 shield (worn)
Scrolls
 g - a scroll of amnesia {unknown}
 h - a scroll of identify {unknown}
 i - a scroll of teleportation {unknown}
 j - a scroll of magic mapping {unknown}
 l - a scroll of remove curse {unknown}
 q - a scroll of fog {unknown}
Potions
 d - a potion of might
 e - 3 potions of curing {unknown}
 k - 2 potions of mutation {unknown}
 m - a potion of agility {unknown}
 o - a potion of haste {unknown}
 p - a potion of lignification {unknown}
Comestibles
 f - a ration {!d}


   Skills:
 + Level 4.7(4.5) Fighting
 * Level 4.8(4.6) Axes
 + Level 4.6(4.5) Armour
 + Level 4.7(4.5) Shields


You had 4 spell levels left.
You didn't know any spells.
Your spell library was empty.

Dungeon Overview and Level Annotations

Branches:
Dungeon (4/12)
 Temple: D:4-7

Altars:


Innate Abilities, Weirdness & Mutations

You reflexively headbutt those who attack you in melee.
You have a pair of horns on your head.


Message History

An orc comes into view. It is wielding a +0 dagger.
The orc hits you but does no damage.
The orc wizard hits you with a +0 dagger.
You hit the orc priest but do no damage.
The orc priest is severely wounded.
You hit the orc. You closely miss the orc. You closely miss the orc wizard.
The orc priest closely misses you.
An orc comes into view. It is wielding a +0 flail.
You block the orc's attack.
The orc wizard hits you but does no damage.
The orc priest calls down the wrath of Beogh upon you.
Beogh smites you!
* * * LOW HITPOINT WARNING * * *
You block the orc priest's attack.
The orc wizard gestures wildly while chanting.
The orc wizard blinks!
The orc hits you with a +0 hand axe.
* * * LOW HITPOINT WARNING * * *
The orc hits you but does no damage. You block the orc wizard's attack.
The orc priest hits you with a +0 short sword.
You die...

.## ?... #
..... o#
....o####.
....oo.oo
.....ooo#
#@# #oo.#
#...#
#####


You could see 3 orc priests, 2 orc wizards and 6 orcs.

Vanquished Creatures
  A crimson imp (D:2)
  A hound (D:3)
  Robin (D:3)
  5 adders
  A worm (D:2)
  4 leopard geckos
  An orc (D:3)
  A ball python (D:1)
  6 giant cockroaches (D:2)
  15 goblins
  7 hobgoblins
  6 jackals
  9 kobolds
  A quokka (D:2)
  5 bats
  4 frilled lizards (D:1)
  3 rats (D:2)
71 creatures vanquished.

Notes
Turn   | Place    | Note
-------+----------+-------------------------------------------
     0 | D:1      | Mrkan the Minotaur Fighter began the quest for the Orb.
     0 | D:1      | Reached XP level 1. HP: 19/19 MP: 0/0
   312 | D:1      | Reached XP level 2. HP: 24/27 MP: 1/1
   902 | D:2      | Reached XP level 3. HP: 33/33 MP: 2/2
  1203 | D:2      | Reached XP level 4. HP: 28/40 MP: 3/3
  1840 | D:3      | Reached XP level 5. HP: 35/47 MP: 4/4
  2122 | D:3      | Noticed Robin
  2137 | D:3      | Killed Robin
  2408 | D:4      | HP: 1/47 [orc/+0 hand axe (2)]
  2409 | D:4      | Slain by an orc priest

Skill      XL: |  1  2  3 |
---------------+----------+-----
Axes           | 3 4 |  4.8
Shields        | 4 |  4.7
Fighting       | 4 |  4.7
Armour         | 4 |  4.6

Action                   |  1- 3 |  4- 6 || total
-------------------------+-------+-------++-------
Melee: War axe           |    79 |    86 ||   165
       Headbutt          |     7 |    12 ||    19
  Eat: Chunk             |     1 |     4 ||     5
Armor: Scale mail        |    54 |    47 ||   101
Dodge: Dodged            |    40 |    37 ||    77
Block: Shield            |    58 |    60 ||   118
